 Dungeon Crawl Stone Soup version 0.22.1-2-g9c5b331383 (webtiles) character file.

4964 Peloso the Carver (level 10, -9/89 HPs)
             Began as a Minotaur Fighter on Nov 24, 2018.
             Was a Follower of Okawaru.
             Killed from afar by a gargoyle (20 damage)
             ... with a stone arrow
             ... on level 8 of the Dungeon.
             The game lasted 00:18:12 (8043 turns).

Peloso the Carver (Minotaur Fighter)                Turns: 8043, Time: 00:18:13

Health: -9/89      AC: 15    Str: 23    XL:     10   Next: 28%
Magic:  9/9        EV: 10    Int:  5    God:    Okawaru [*.....]
Gold:   431        SH: 13    Dex: 11    Spells: 9/9 levels left

rFire    . . .     SeeInvis .   a - +1 long sword
rCold    . . .     Gourm    .   c - +1 shield
rNeg     . . .     Faith    .   k - +0 plate armour
rPois    .         Spirit   .   (helmet restricted)
rElec    .         Reflect  .   r - +0 cloak
rCorr    .         Harm     .   (no gloves)
MR       .....                  (no boots)
Stlth    ..........             (no amulet)
HPRegen  0.24/turn              s - +3 ring of evasion
MPRegen  0.11/turn              y - ring of stealth

@: no status effects
A: retaliatory headbutt, horns 2
a: Heroism, Renounce Religion


You were on level 8 of the Dungeon.
You worshipped Okawaru.
Okawaru was aware of your devotion.
You were not hungry.

You visited 2 branches of the dungeon, and saw 10 of its levels.
You also visited: Ossuary.

You collected 431 gold pieces.

Inventory:

Hand Weapons
 a - a +1 long sword (weapon)
 b - a +1 short sword of draining
Armour
 c - a +1 shield (worn)
 j - a +0 chain mail
 k - a +0 plate armour (worn)
 r - a +0 cloak (worn)
Jewellery
 l - an uncursed ring of protection from fire
 m - an uncursed ring of resist corrosion
 s - a +3 ring of evasion (left hand)
 y - a ring of stealth (right hand)
Wands
 g - a wand of clouds (4)
 q - a wand of iceblast (6)
Scrolls
 h - 6 scrolls of remove curse
 i - 4 scrolls of enchant weapon
 o - 4 scrolls of teleportation
 A - a scroll of fear
 B - 2 scrolls of magic mapping
 D - a scroll of blinking
Potions
 d - a potion of might
 e - a potion of invisibility
 n - a potion of resistance
 p - 3 potions of flight
 t - 4 potions of cancellation
 u - 3 potions of berserk rage
 v - a potion of haste
 w - 3 potions of agility
 z - a potion of heal wounds {unknown}
 C - 2 potions of magic {unknown}
Miscellaneous
 x - a phial of floods
Comestibles
 f - 10 rations
 E - 6 chunks of flesh


   Skills:
 + Level 8.3 Fighting
 + Level 0.5(6.0) Short Blades
 + Level 10.3(10.4) Long Blades
 + Level 8.5 Armour
 + Level 3.3 Dodging
 + Level 1.7 Stealth
 + Level 10.2 Shields


You had 9 spell levels left.
You didn't know any spells.
Your spell library contained the following spells:

 Spells                   Type           Power        Failure   Level  Hunger
 Animate Skeleton         Necr           N/A          100%        1    ##.....
 Apportation              Tloc           #.....       100%        1    ##.....
 Confusing Touch          Hex            #.....       100%        1    ##.....
 Summon Small Mammal      Summ           #...         100%        1    ##.....
 Irradiate                Conj/Tmut      #.........   100%        5    ######.
 Hydra Form               Tmut           #.........   100%        6    #######
 Statue Form              Tmut/Erth      #........    100%        6    #######
 Dragon Form              Tmut           #.........   100%        7    #######


Dungeon Overview and Level Annotations

Branches:
Dungeon (9/15)             Temple (1/1) D:7
   Lair: D:8-11         Orc: D:9-12

Altars:
Cheibriados
Elyvilon
Kikubaaqudgha
Makhleb
Nemelex Xobeh
Okawaru
Ru
Sif Muna
Xom
Yredelemnul
Zin

Shops:
D:7 (

Annotations:
D:5 1 runed door, bananovenc's ghost, novice GrBe
D:7 2 transporters, Anaphory's ghost, novice GrEE


Innate Abilities, Weirdness & Mutations

You reflexively headbutt those who attack you in melee.
You have a pair of horns on your head.


Message History

The stone arrow hits you!
* * * LOW HITPOINT WARNING * * *
You block the wight's attack.
You closely miss the wight. You headbutt the wight.
The wight is almost destroyed.
You block the gargoyle's attack.
You barely miss the wight.
The wight is almost destroyed.
You block the wight's attack.
The gargoyle hurls a stone arrow at you.
You block the stone arrow.
You barely miss the wight. You headbutt the wight.
You destroy the wight!
Okawaru accepts your kill.
The gargoyle hurls a stone arrow at you.
The stone arrow hits you!
* * * LOW HITPOINT WARNING * * *
The gargoyle hurls a stone arrow at you.
The stone arrow hits you!
You die...

##.......#.#.#.....####.# #..
###...##...##.#.####...# ####
#...###.##....# #.### #...
##.##...#.<...## #.# #.##
#.#....[......###.# #.#
#.#..##.....)..#..########.#
#.#..##.[[...###.###.....#.##
#.#..###.....# #.# #.........
#..........9@# #.# #####.#...
###..###.###>###.### #.....
#..####..)##.....# #####.
#..........#.....# #.
#.#####...##.....### #. #.#
##...#....[#.# #. #.#
#####.....#.# #. #.#
#.....#.# #. #.# #.....#.# #.


You could see a gargoyle.

Vanquished Creatures
  Harold (D:7)
  A hippogriff (D:7)
  3 yaks (D:8)
  A hungry ghost (D:7)
  A water moccasin (D:8)
  A sky beast (D:7)
  2 orc warriors
  4 necrophages
  A phantom (D:4)
  2 centaurs (D:6)
  3 ogres
  A crocodile (D:7)
  A bullfrog (D:7)
  3 water moccasin zombies (Ossuary)
  3 scorpions
  4 killer bees
  6 wights
  2 crimson imps
  7 hounds
  A bullfrog skeleton (D:7)
  6 orc priests
  Crazy Yiuf (D:2)
  11 orc wizards
  2 centaur skeletons
  3 iguanas
  5 worker ants
  2 hound zombies (D:5)
  A hound skeleton (D:4)
  4 mummies
  4 gnolls (D:5)
  A howler monkey skeleton (D:5)
  13 adders
  A shadow imp (D:3)
  8 adder zombies
  2 worms
  3 dart slugs
  5 leopard geckos
  20 orcs
  3 ball pythons
  3 bats
  4 giant cockroaches
  7 goblins
  9 hobgoblins
  7 jackals
  2 quokkas
  5 frilled lizards
  4 gnoll zombies
  5 hobgoblin zombies (Ossuary)
  A jackal skeleton (D:6)
  6 kobolds
  2 kobold zombies (Ossuary)
  2 orc zombies (Ossuary)
  7 rats
207 creatures vanquished.

Notes
Turn   | Place    | Note
-------+----------+-------------------------------------------
     0 | D:1      | Peloso the Minotaur Fighter began the quest for the Orb.
     0 | D:1      | Reached XP level 1. HP: 19/19 MP: 0/0
   123 | D:1      | Reached XP level 2. HP: 27/27 MP: 1/1
   730 | D:2      | Reached XP level 3. HP: 34/34 MP: 2/2
   752 | D:2      | Found a runed door.
  1575 | D:2      | Noticed Crazy Yiuf
  1577 | D:2      | Killed Crazy Yiuf
  1577 | D:2      | Reached XP level 4. HP: 41/41 MP: 3/3
  1872 | D:3      | Reached XP level 5. HP: 44/47 MP: 4/4
  2003 | D:3      | Reached skill level 5 in Long Blades
  2431 | D:4      | Noticed a phantom
  2453 | D:4      | Killed a phantom
  2453 | D:4      | Reached skill level 5 in Fighting
  2453 | D:4      | Reached skill level 5 in Shields
  2453 | D:4      | Reached XP level 6. HP: 18/56 MP: 5/5
  2762 | D:4      | Found a sand-covered staircase.
  2766 | Ossuary  | Entered an ossuary
  2934 | Ossuary  | Reached skill level 5 in Armour
  2965 | Ossuary  | Reached XP level 7. HP: 39/61 MP: 6/6
  3127 | Ossuary  | Reached skill level 1 in Dodging
  3253 | D:4      | Found a burning altar of Makhleb.
  3256 | D:4      | Found an ancient bone altar of Kikubaaqudgha.
  3257 | D:4      | Found a glowing silver altar of Zin.
  3258 | D:4      | Found a deep blue altar of Sif Muna.
  3260 | D:4      | Found a sacrificial altar of Ru.
  3261 | D:4      | Found a shimmering altar of Xom.
  3262 | D:4      | Found a white marble altar of Elyvilon.
  3429 | D:5      | Entered Level 5 of the Dungeon
  3858 | D:5      | Found a runed door.
  4005 | D:5      | Noticed bananovenc's ghost (novice GrBe)
  5016 | D:5      | Reached XP level 8. HP: 52/70 MP: 7/7
  5200 | D:6      | Reached skill level 1 in Stealth
  6017 | D:7      | Noticed a hippogriff
  6023 | D:7      | Reached XP level 9. HP: 35/75 MP: 8/8
  6036 | D:7      | HP: 3/78 [orc priest/divine providence (11)]
  6326 | D:7      | Found a transporter.
  6330 | D:7      | Found a transporter.
  6330 | D:7      | Noticed Anaphory's ghost (novice GrEE)
  6366 | D:7      | HP: 3/79 [mummy (5)]
  6378 | D:7      | HP: 1/79 [wight/enchanted trident (9)]
  6415 | D:7      | Found a staircase to the Ecumenical Temple.
  6438 | D:7      | Found Collep's Weapon Boutique.
  6582 | D:7      | Noticed Harold
  6595 | D:7      | Killed Harold
  6643 | D:7      | Reached skill level 10 in Shields
  6643 | D:7      | Reached XP level 10. HP: 36/86 MP: 9/9
  7014 | Temple   | Entered the Ecumenical Temple
  7070 | Temple   | Became a worshipper of Warmaster Okawaru
  7338 | D:8      | Found a basalt altar of Yredelemnul.
  7550 | D:8      | Reached skill level 10 in Long Blades
  7954 | D:9      | Noticed a gargoyle
  8012 | D:8      | Reached * piety under Okawaru
  8043 | D:8      | Killed from afar by a gargoyle

Skill      XL: |  1  2  3  4  5  6  7  8  9 10 |
---------------+-------------------------------+-----
Fighting       | 4 5 6 7 8 |  8.3
Armour         | 4 5 6 8 |  8.5
Shields        | 4 5 6 8 10 | 10.2
Long Blades    | 4 5 6 7 8 9 10 | 10.3
Dodging        | 1 2 3 |  3.3
Stealth        | 1 |  1.7
Short Blades   | |  0.5

Action                   |  1- 3 |  4- 6 |  7- 9 | 10-12 || total
-------------------------+-------+-------+-------+-------++-------
Melee: Long sword        |    98 |   153 |   326 |   109 ||   686
       Headbutt          |    18 |    34 |    71 |    35 ||   158
       Short sword       |       |       |    11 |       ||    11
Evoke: Wand              |       |       |     1 |       ||     1
  Use: Scroll            |       |     7 |    13 |     1 ||    21
       Potion            |       |       |     8 |       ||     8
  Eat: Chunk             |     2 |     5 |     5 |     5 ||    17
       Ration            |       |       |     3 |       ||     3
Armor: Scale mail        |    12 |       |       |       ||    12
       Chain mail        |    49 |    68 |   161 |       ||   278
       Plate armour      |       |       |       |    30 ||    30
Dodge: Dodged            |    13 |    31 |   125 |    32 ||   201
Block: Shield            |    45 |    99 |   273 |    85 ||   502
       Rpst.: Long sword |     3 |     9 |    35 |     8 ||    55
